 Dungeon Crawl Stone Soup version 0.25-a0-426-g7d9e569 (webtiles) character file.

Game seed: 13398637027320081556, levelgen mode: deterministic

347 Firebatgyro the Magician (level 6, -1/48 HPs)
             Began as a Demonspawn Wanderer on Jan 24, 2020.
             Was an Initiate of Okawaru.
             Slain by Crazy Yiuf
             ... wielding a +3 quarterstaff of chaos
              (11 damage)
             ... on level 3 of the Dungeon.
             The game lasted 00:07:41 (3741 turns).

Firebatgyro the Magician (Demonspawn Wanderer)      Turns: 3741, Time: 00:07:42

Health: -1/48      AC: 14    Str: 14    XL:     6   Next: 32%
Magic:  13/13      EV:  6    Int: 16    God:    Okawaru [......]
Gold:   198        SH:  0    Dex: 10    Spells: 13/15 levels left

rFire    + . .     SeeInvis .   j - +0 flail
rCold    x . .     Gourm    .   (no shield)
rNeg     . . .     Faith    .   n - +0 chain mail
rPois    .         Spirit   .   (no helmet)
rElec    .         Reflect  .   (no cloak)
rCorr    .         Harm     .   (no gloves)
MR       .....                  (no boots)
Stlth    ..........             (no amulet)
HPRegen  0.16/turn              h - ring of fire
MPRegen  0.13/turn              (no ring)

@: sanguine armour, hasted, drained, very quick
A: sanguine armour 1
a: Renounce Religion


You were on level 3 of the Dungeon.
You worshipped Okawaru.
Okawaru was noncommittal.
You were very hungry.

You visited 2 branches of the dungeon, and saw 5 of its levels.

You collected 198 gold pieces.

Inventory:

Hand Weapons
 e - a +0 mace
 j - a +0 flail (weapon)
Armour
 n - a +0 chain mail (worn)
Jewellery
 h - a ring of fire (left hand)
 r - an uncursed amulet of faith
Wands
 d - a wand of disintegration (14)
Scrolls
 b - 5 scrolls of teleportation
 c - 3 scrolls of identify {unknown}
 g - 4 scrolls of remove curse {unknown}
 i - a scroll of fear {unknown}
 m - a scroll of immolation {unknown}
 p - a scroll of amnesia {unknown}
Potions
 a - a potion of heal wounds {unknown}
 k - a potion of degeneration {unknown}
 l - a potion of haste
 o - a potion of flight {unknown}
 q - a potion of invisibility {unknown}
Comestibles
 f - 6 rations


   Skills:
 + Level 4.0(3.1) Fighting
 + Level 3.6(2.7) Maces & Flails
 + Level 1.8(0.9) Armour
 - Level 1.0(0.1) Stealth
   Level 1.0(0.1) Shields
 - Level 5.0(4.1) Spellcasting
   Level 1.0(0.1) Hexes
   Level 1.0(0.1) Summonings
 - Level 1.0(0.1) Poison Magic
 + Level 0.0 Invocations


You had 13 spell levels left.
You knew the following spells:

 Your Spells              Type           Power        Failure   Level  Hunger
a - Sting                 Tmut/Pois      #...         99%         1    None
b - Magic Dart            Conj           #...         99%         1    None

Your spell library contained the following spells:

 Spells                   Type           Power        Failure   Level  Hunger
 Blink                    Tloc           N/A          100%        2    ##.....
 Call Imp                 Summ           #.......     100%        2    ##.....
 Slow                     Hex            #.......     100%        2    ##.....
 Conjure Flame            Conj/Fire      #.......     100%        3    ###....
 Mephitic Cloud           Conj/Pois/Air  #.......     100%        3    ###....


Dungeon Overview and Level Annotations

Branches:
Dungeon (4/15)             Temple (1/1) D:4

Altars:
Ashenzari
Fedhas
Gozag
Kikubaaqudgha
Makhleb
Nemelex Xobeh
Okawaru
Qazlal
Ru
Sif Muna
Trog
Uskayaw
Vehumet
Wu Jian
Zin

Annotations:
D:3 Crazy Yiuf


Innate Abilities, Weirdness & Mutations

When seriously injured, your bleeding wounds create armour. (AC +6)


Message History

Crazy Yiuf hits you with a +3 quarterstaff of chaos.
You convulse.
You thump Crazy Yiuf!
Crazy Yiuf is heavily wounded.
You hit Crazy Yiuf.
Crazy Yiuf is heavily wounded.
Crazy Yiuf says, "Mugger disdain cloud!"
Crazy Yiuf hits you but does no damage.
You feel drained.
Your chain mail prevents you from hitting Crazy Yiuf.
Crazy Yiuf is heavily wounded.
Crazy Yiuf hits you with a +3 quarterstaff of chaos.
You are electrocuted!
* * * LOW HITPOINT WARNING * * *
You hit Crazy Yiuf but do no damage.
Crazy Yiuf is heavily wounded.
Crazy Yiuf barely misses you.
You hit Crazy Yiuf but do no damage.
Crazy Yiuf is heavily wounded.
Crazy Yiuf hits you with a +3 quarterstaff of chaos!
You die...

#.#.# #.# ###.#.# #.###
#...#.#### #†)..
#####...#....# #.)..
#.......#....# #....
#.#####......#######....
#.#...........(....'....
#.#.###g############....
#)#.# #@#......)...#.###
#.#.# #.#.########.#.###
#...# #....# #.#.#..
###[###....#######.#....
#>[......+.......###.#
#####...[######.......
#............###.#
#.####...........#
#.####'#####..####


You could see Crazy Yiuf.

Vanquished Creatures
  A sky beast (D:4)
  A hound (D:3)
  Jessica (D:2)
  Terence (D:2)
  An iguana (D:2)
  A hound skeleton (D:4)
  6 adders
  A worm (D:4)
  2 dart slugs
  4 leopard geckos
  5 orcs
  4 giant cockroaches (D:1)
  6 goblins
  7 hobgoblins
  2 jackals (D:2)
  6 kobolds
  3 quokkas (D:4)
  A ball python (D:1)
  9 bats
  4 frilled lizards
  A jackal skeleton (D:4)
  A quokka skeleton (D:4)
  6 rats
74 creatures vanquished.

Notes
Turn   | Place    | Note
-------+----------+-------------------------------------------
     0 | D:1      | Firebatgyro the Demonspawn Wanderer began the quest for the
                  | Orb.
     0 | D:1      | Firebatgyro set off with the following items: a +0 club, a
                  | scroll of teleportation, a +0 robe, a ration; and the
                  | following spells available to memorise: Sting, Magic Dart,
                  | Call Imp, Slow, Blink, Mephitic Cloud, Conjure Flame
     0 | D:1      | Reached XP level 1. HP: 13/13 MP: 6/6
     2 | D:1      | Learned a level 1 spell: Sting
     4 | D:1      | Learned a level 1 spell: Magic Dart
   325 | D:1      | Reached skill level 1 in Fighting
   383 | D:1      | Gained mutation: When seriously injured, your bleeding
                  | wounds create armour. (AC +6) [demonic ancestry]
   383 | D:1      | Reached XP level 2. HP: 20/21 MP: 2/8
   393 | D:1      | Reached skill level 1 in Maces & Flails
   782 | D:2      | Reached XP level 3. HP: 9/27 MP: 4/9
  1255 | D:2      | Reached XP level 4. HP: 29/34 MP: 8/11
  1362 | D:2      | Noticed Terence
  1390 | D:2      | Killed Terence
  1738 | D:2      | Noticed Jessica
  1752 | D:2      | Killed Jessica
  1752 | D:2      | Reached XP level 5. HP: 36/41 MP: 3/12
  2366 | D:3      | Reached skill level 1 in Armour
  2818 | D:4      | Noticed a sky beast
  2844 | D:4      | Killed a sky beast
  2844 | D:4      | Reached XP level 6. HP: 11/48 MP: 13/13
  3020 | D:4      | Found a staircase to the Ecumenical Temple.
  3049 | D:4      | Found a runed translucent door.
  3050 | D:4      | Noticed Crazy Yiuf
  3116 | Temple   | Entered the Ecumenical Temple
  3135 | Temple   | Became a worshipper of Warmaster Okawaru
  3246 | D:4      | Found a burning altar of Makhleb.
  3289 | D:4      | Found a shimmering blue altar of Sif Muna.
  3741 | D:3      | Slain by Crazy Yiuf

Levels and vault maps discovered:
D:1:      tarquinn_simple_flora_water_f, layout_rooms, minmay_door_square,
          kennysheep_flooded_box
D:2:      layout_basic, first_ration, uniq_jessica, uniq_terence
D:3:      layout_basic
D:4:      layout_rooms, lightli_temple_of_fire, lemuel_blue_sif_altar,
          minmay_temple_entry_glass, chequers_serial_rivers_marsh,
          minmay_fractal_squares_diagonal_5, uniq_crazy_yiuf_cottage
Temple:   cyrus_circular_temple

Skill      XL: |  1  2  3  4  5  6 |
---------------+-------------------+-----
Fighting       | 1 2 3 4 |  4.0
Maces & Flails | 1 2 3 |  3.6
Armour         | 1 |  1.8
Stealth        | |  1.0
Shields        | |  1.0
Spellcasting   | |  5.0
Hexes          | |  1.0
Summonings     | |  1.0
Poison Magic   | |  1.0

Action                   |  1- 3 |  4- 6 || total
-------------------------+-------+-------++-------
Melee: Mace              |    49 |     3 ||    52
       Club              |     2 |       ||     2
       Flail             |       |   192 ||   192
 Cast: Magic Dart        |    26 |     3 ||    29
       Sting             |    16 |    11 ||    27
  Use: Potion            |       |     1 ||     1
  Eat: Chunk             |     1 |     7 ||     8
Armor: Robe              |    16 |     6 ||    22
       Scale mail        |       |    80 ||    80
       Chain mail        |       |    64 ||    64
Dodge: Dodged            |    54 |    96 ||   150

Table legend:
 A = Non-vault XP
 B = Vault XP
 C = Vault XP percentage of total XP
 D = Non-vault monster count
 E = Vault monster count
 F = Vault count percentage of total count
                 A         B        C        D         E       F
            +---------+---------+-------+---------+---------+-------
      Total |     295 |     201 |  40.5 |      70 |       4 |   5.4
            +---------+---------+-------+---------+---------+-------
        D:1 |      42 |       0 |   0.0 |      24 |       0 |   0.0
        D:2 |      94 |      73 |  43.7 |      20 |       2 |   9.1
        D:3 |      94 |       0 |   0.0 |      14 |       0 |   0.0
        D:4 |      65 |     128 |  66.3 |      12 |       2 |  14.3
            +---------+---------+-------+---------+---------+-------
